 Dungeon Crawl Stone Soup version 0.31-a0-986-g5e6e4ef867 (webtiles) character file.

Game seed: 921266388503370412

36449 gelatine the Cleaver (level 13, -2/101 HPs)
             Began as a Demonspawn Fighter on Nov 22, 2023.
             Slain by a death yak (29 damage)
             ... on level 4 of the Lair of Beasts.
             The game lasted 00:40:07 (14327 turns).

gelatine the Cleaver (Demonspawn Fighter)          Turns: 14327, Time: 00:40:07

Health: -2/101     AC: 29    Str: 21    XL:     13   Next: 53%
Magic:  20/20      EV:  2    Int: 11    God:
Gold:   732        SH:  0    Dex: 12    Spells: 20/22 levels left

rFire   . . .        a - +1 war axe (drain)
rCold   . . .        c - +0 buckler
rNeg    . . .        D - +2 chain mail {rPois}
rPois   +            (helmet unavailable)
rElec   .            G - +1 cloak
rCorr   +            W - +1 pair of gloves
SInv    .            s - +2 pair of boots
Will    .....        N - amulet of regeneration Stlth
                     e - +5 ring of evasion
HPRegen 1.16/turn    i - +4 ring of protection
MPRegen 0.34/turn

%: no passive effects
@: sleeping, studying Polearms
A: horns 3, yellow scales 3, ignite blood 1, magic regeneration
a: no special abilities


You were on level 4 of the Lair of Beasts.
You visited 3 branches of the dungeon, and saw 15 of its levels.

You collected 892 gold pieces.
You spent 160 gold pieces at shops.

Inventory:

Hand Weapons
 a - a +1 war axe of draining (weapon)
Missiles
 m - 13 boomerangs
 r - a throwing net
 t - 5 javelins
Armour
 c - a +0 buckler (worn)
 s - a +2 pair of boots (worn)
 x - a +0 troll leather armour
 D - a +2 chain mail of poison resistance (worn)
 G - a +1 cloak (worn)
 P - a +2 chain mail of cold resistance
 W - a +1 pair of gloves (worn)
Magical Staves
 C - a staff of conjuration
Jewellery
 e - a +5 ring of evasion (left hand)
 i - a +4 ring of protection (right hand)
 v - a +4 ring of protection
 B - a ring of magical power
 N - an amulet of regeneration (around neck)
 O - a +6 ring of strength
 Y - a ring of protection from fire
Talismans
 H - a serpent talisman
Wands
 y - a wand of iceblast (1) (quivered)
 A - a wand of polymorph (6)
 Q - a wand of digging (9)
Scrolls
 b - 2 scrolls of summoning
 f - 3 scrolls of noise
 l - 2 scrolls of torment
 p - 2 scrolls of vulnerability
 q - 5 scrolls of silence
 z - 2 scrolls of teleportation
 E - 2 scrolls of immolation
 K - 2 scrolls of enchant weapon
 S - a scroll of fog
 V - 3 scrolls of revelation {unknown}
 Z - a scroll of fear {unknown}
Potions
 d - 3 potions of might
 g - 4 potions of attraction
 h - 4 potions of haste
 j - a potion of invisibility
 k - 5 potions of curing
 n - a potion of cancellation
 o - 2 potions of resistance
 u - 4 potions of lignification
 w - 2 potions of heal wounds
 F - a potion of enlightenment
 J - a potion of mutation
 L - a potion of berserk rage
 T - a potion of brilliance {unknown}
 X - 2 potions of ambrosia {unknown}
Miscellaneous
 R - a lightning rod (4/4)


   Skills:
 * Level 9.1 Fighting
 * Level 13.3 Axes
 + Level 0.6 Throwing
 * Level 9.4 Armour
 * Level 6.2 Dodging
 + Level 0.8 Stealth
 * Level 7.3 Shields
 * Level 5.0 Spellcasting
 * Level 4.4 Conjurations
 * Level 4.4 Air Magic
 + Level 2.7 Evocations


You had 20 spell levels left.
You knew the following spells:

 Your Spells              Type           Power      Damage    Failure   Level
a - Static Discharge      Conj/Air       24%        3-4/arc   32%         2

Your spell library contained the following spells:

 Spells                   Type           Power      Damage    Failure   Level
 Kiss of Death            Conj/Necr      28%        2d7       50%         1
 Slow                     Hex            8%         N/A       80%         1
 Dazzling Flash           Conj/Hex       14%        N/A       86%         3
 Airstrike                Air            6%         2d(1-17)  92%         4
 Confusing Touch          Hex            2%         N/A       99%         3
 Gell's Gravitas          Tloc           2%         N/A       99%         3
 Inner Flame              Hex/Fire       2%         N/A       99%         3
 Sigil of Binding         Hex            2%         N/A       99%         3
 Teleport Other           Tloc           2%         N/A       99%         3
 Tukima's Dance           Hex            2%         N/A       99%         3
 Vampiric Draining        Necr           2%         2d6       99%         3
 Flame Wave               Conj/Fire      7%         2d5       99%         4
 Sticky Flame             Conj/Fire      7%         2d3       99%         4
 Summon Lightning Spire   Summ/Air       7%         N/A       99%         4
 Animate Dead             Necr           2%         N/A       100%        4
 Dispel Undead            Necr           2%         3d7       100%        4
 Passage of Golubria      Tloc           2%         N/A       100%        4
 Agony                    Necr           2%         N/A       100%        5
 Borgnjor's Vile Clutch   Necr/Erth      1%         N/A       100%        5
 Silence                  Hex/Air        3%         N/A       100%        5
 Yara's Violent Unravell  Hex/Tmut       1%         3d3       100%        5
 Death Channel            Necr           1%         N/A       100%        6
 Dispersal                Tloc           1%         N/A       100%        6
 Enfeeble                 Hex            1%         N/A       100%        7


Dungeon Overview and Level Annotations

Branches:
Dungeon (10/15)            Temple (1/1) D:6            Lair (4/5) D:10
  Swamp (0/4) Lair:2        Snake (0/4) Lair:3          Orc (0/2) D:10
  Slime: Lair:4-5

Altars:
Ashenzari
Cheibriados
Dithmenos
Fedhas
Gozag
Hepliaklqana
Kikubaaqudgha
Makhleb
Nemelex Xobeh
Okawaru
Qazlal
Ru
Sif Muna
Trog
Uskayaw
Vehumet
Wu Jian
Xom
Yredelemnul

Shops:
D:3 *   D:5 :

Annotations:
Lair:4 Rupert


Innate Abilities, Weirdness & Mutations

You have a pair of large horns on your head.
You are completely covered in yellow scales. (AC +4, rCorr)
Your demonic aura sometimes causes spilled blood to erupt in flames.
You regenerate magic rapidly.


Message History

The death yak is engulfed in blazing flames.
The death yak gores you but does no damage.
You hit the death yak but do no damage.
The death yak is almost dead.
You hit the death yak but do no damage. You drain the death yak.
Unknown command.
You barely miss the death yak.
The death yak is lightly wounded.
You hit the death yak.
The death yak is engulfed in blazing flames.
You block the death yak's attack. The death yak gores you!
Unknown command.
You barely miss the death yak.
The death yak is lightly wounded.
You hit the dream sheep. You slash the death yak!
You kill the death yak!
The death yak gores you! The dream sheep closely misses you.
Unknown command.
You hit the death yak but do no damage. You drain the death yak.
The death yak is lightly wounded.
You barely miss the dream sheep. You slash the death yak!
The dream sheep bites you but does no damage.
The death yak is engulfed in blazing flames.
The death yak misses you. The death yak gores you!
* * * LOW HITPOINT WARNING * * *
You hit the death yak but do no damage. You headbutt the death yak.
The death yak is heavily wounded.
You hit the death yak. You hit the dream sheep. You drain the dream sheep.
The death yak closely misses you. The dream sheep misses you.
The death yak gores you.
* * * LOW HITPOINT WARNING * * *
Unknown command.
You hit the death yak. You drain the death yak. You headbutt the death yak!
The death yak is almost dead.
You hit the death yak but do no damage. You drain the death yak.
You closely miss the dream sheep.
The dream sheep shake their wool and sparkle.
You feel drowsy...
You fall asleep.
The death yak gores you!!
You die...

##.# #.## ##..# ##...#
... #...## ... ##.P##
.... #...#### #### .Y...
#...#..###..########Y....
............#..#@#.......
...............YYYY.....#
.............##.Y.......#
.PP#.....#PPP.......#....
.###.###.#.........## ...
.##### #.........#P# .P#
#..........#### ..#
#.....(.....# .##
#........#.###


You could see 2 death yaks and 3 dream sheep.

Vanquished Creatures
  Josephine (D:10)
  2 hydras
  A ghost crab (Lair:2)
  A boulder beetle (Lair:2)
  4 two-headed ogres
  4 death yaks
  Nergalle (Lair:1)
  2 spectral hydras (Lair:2)
  A lindwurm (Lair:4)
  2 torpor snails
  A black mamba (Lair:2)
  9 cane toads
  6 rime drakes
  6 komodo dragons
  A troll (D:9)
  3 polar bears
  5 dream sheep
  A spectral black mamba (Lair:2)
  12 blink frogs
  A spectral dream sheep (Lair:2)
  Sigmund (D:3)
  5 wraiths
  A shadow (D:10)
  A spectral komodo dragon (Lair:2)
  9 wyverns
  35 yaks
  3 basilisks
  Menkaure (D:7)
  3 nagas (Lair:3)
  14 water moccasins
  2 spectral cane toads (Lair:2)
  A spectral yak (Lair:2)
  2 orc warriors (D:7)
  3 black bears
  2 sky beasts
  An ice beast (D:7)
  21 wolves
  2 ogres (D:6)
  3 centaurs
  A kobold brigand (D:7)
  A spectral wyvern (Lair:2)
  12 bullfrogs
  A gnoll sergeant (D:7)
  2 scorpions
  A wight (D:7)
  8 killer bees
  A howler monkey (D:5)
  6 hounds
  4 jellies
  2 gnoll boudas
  9 orc priests
  Ijyb (D:3)
  6 iguanas
  A sleepcap (D:6)
  14 orc wizards
  14 gnolls
  7 adders
  A shadow imp (D:7)
  2 white imps (D:7)
  2 worms
  43 orcs
  8 endoplasms
  2 giant cockroaches
  7 hobgoblins
  7 jackals
  10 kobolds
  2 quokkas
  6 ball pythons
  10 bats
  8 frilled lizards
  7 goblins
  4 rats
384 creatures vanquished.

Notes
Turn   | Place    | Note
-------+----------+-------------------------------------------
     0 | D:1      | gelatine the Demonspawn Fighter began the quest for the
                  | Orb.
     0 | D:1      | Reached XP level 1. HP: 18/18 MP: 1/1
   113 | D:1      | Gained mutation: You have a pair of small horns on your
                  | head. [demonic ancestry]
   113 | D:1      | Reached XP level 2. HP: 24/24 MP: 2/2
   170 | D:1      | Reached skill level 2 in Axes
   255 | D:1      | Found a faded altar of an unknown god.
   307 | D:1      | Gained mutation: You have a pair of horns on your head.
                  | [demonic ancestry]
   307 | D:1      | Reached XP level 3. HP: 29/29 MP: 3/3
   589 | D:2      | Identified the +1 chain mail "Dimiashu" {Str+3 Int-4}
   783 | D:2      | Identified the +1 robe of the Sky {rC+ Str+2 Dex+2}
  1317 | D:3      | Reached skill level 1 in Dodging
  1510 | D:3      | Reached XP level 4. HP: 35/35 MP: 4/4
  1668 | D:3      | Noticed Ijyb
  1683 | D:3      | Killed Ijyb
  1684 | D:3      | Reached skill level 3 in Axes
  1713 | D:3      | Noticed Sigmund
  1726 | D:3      | Killed Sigmund
  1727 | D:3      | Gained mutation: You regenerate magic rapidly. [demonic
                  | ancestry]
  1727 | D:3      | Reached XP level 5. HP: 20/42 MP: 5/5
  1727 | D:3      | Gained mutation: You have a pair of large horns on your
                  | head. [demonic ancestry]
  1727 | D:3      | Reached XP level 6. HP: 23/48 MP: 6/6
  1896 | D:3      | Found Otenib's Assorted Antiques.
  1900 | D:3      | Bought a dark potion for 16 gold pieces
  1900 | D:3      | Bought a scroll labelled RUBBOSCH KORUY for 18 gold pieces
  1900 | D:3      | Bought a scroll labelled RUBBOSCH KORUY for 18 gold pieces
  1900 | D:3      | Bought a scroll labelled RUBBOSCH KORUY for 18 gold pieces
  2236 | D:4      | Reached skill level 4 in Axes
  2497 | D:4      | Found a shadowy altar of Dithmenos.
  2771 | D:3      | Bought a large glass ring for 90 gold pieces
  2789 | D:4      | Found a bloodstained altar of Trog.
  2939 | D:4      | Reached XP level 7. HP: 53/53 MP: 7/7
  3130 | D:5      | Entered Level 5 of the Dungeon
  3245 | D:5      | Found a radiant altar of Vehumet.
  3347 | D:5      | Found Folos's Book Shoppe.
  3352 | D:5      | Reached skill level 5 in Axes
  3372 | D:5      | Reached skill level 1 in Evocations
  3781 | D:6      | Gained mutation: You are partially covered in yellow
                  | scales. (AC +2) [demonic ancestry]
  3781 | D:6      | Reached XP level 8. HP: 54/61 MP: 8/8
  3786 | D:6      | Reached skill level 6 in Axes
  3939 | D:6      | Found a staircase to the Ecumenical Temple.
  3971 | Temple   | Entered the Ecumenical Temple
  4534 | D:7      | Reached skill level 7 in Axes
  4534 | D:7      | Reached skill level 5 in Armour
  4810 | D:7      | Noticed Menkaure
  4819 | D:7      | Killed Menkaure
  4820 | D:7      | Reached skill level 5 in Fighting
  4856 | D:7      | Gained mutation: You are mostly covered in yellow scales.
                  | (AC +3) [demonic ancestry]
  4856 | D:7      | Reached XP level 9. HP: 18/68 MP: 9/9
  5463 | D:7      | Reached skill level 8 in Axes
  5857 | D:7      | Found a snail-covered altar of Cheibriados.
  5858 | D:7      | Found a basalt altar of Yredelemnul.
  6388 | D:8      | Reached skill level 9 in Axes
  6389 | D:8      | Reached skill level 5 in Shields
  6396 | D:8      | Gained mutation: Your demonic aura sometimes causes spilled
                  | blood to erupt in flames. [demonic ancestry]
  6396 | D:8      | Reached XP level 10. HP: 33/76 MP: 10/10
  7182 | D:9      | Noticed a two-headed ogre
  7194 | D:9      | Killed a two-headed ogre
  7743 | D:9      | Noticed a two-headed ogre
  7751 | D:9      | Killed a two-headed ogre
  7752 | D:9      | Reached skill level 10 in Axes
  7752 | D:9      | Reached skill level 1 in Spellcasting
  8450 | D:10     | Entered Level 10 of the Dungeon
  8455 | D:10     | Found a staircase to the Lair.
  8557 | D:10     | Noticed a two-headed ogre
  8600 | D:10     | Noticed Josephine
  8600 | D:10     | Noticed a two-headed ogre
  8610 | D:9      | Reached XP level 11. HP: 81/84 MP: 13/13
  8621 | D:9      | Learned a level 2 spell: Static Discharge
  8654 | D:10     | Killed a two-headed ogre
  8657 | D:10     | Killed Josephine
  8889 | D:9      | Killed a two-headed ogre
  8890 | D:9      | Reached skill level 1 in Conjurations
  8890 | D:9      | Reached skill level 1 in Air Magic
  9308 | D:10     | Found a staircase to the Orcish Mines.
  9616 | Lair:1   | Entered Level 1 of the Lair of Beasts
  9642 | Lair:1   | Reached skill level 11 in Axes
  9722 | Lair:1   | Noticed a death yak
  9727 | Lair:1   | Noticed a death yak
  9777 | D:10     | HP: 4/84 [komodo dragon (17)]
 10022 | Lair:1   | Reached skill level 5 in Dodging
 10032 | D:10     | Killed a death yak
 10134 | Lair:1   | Killed a death yak
 10365 | Lair:1   | Gained mutation: You are completely covered in yellow
                  | scales. (AC +4, rCorr) [demonic ancestry]
 10365 | Lair:1   | Reached XP level 12. HP: 76/92 MP: 16/16
 10426 | Lair:1   | Noticed Nergalle
 10441 | Lair:1   | Killed Nergalle
 10850 | Lair:1   | Reached skill level 12 in Axes
 11199 | Lair:2   | Noticed a four-headed hydra
 11670 | Lair:2   | Identified the +3 leather armour of Oskimn {-Tele Int+5}
 12160 | Lair:2   | Found a staircase to the Swamp.
 12160 | Lair:2   | Noticed a ghost crab
 12180 | Lair:2   | Killed a ghost crab
 12240 | Lair:2   | Noticed a boulder beetle
 12275 | Lair:2   | Killed a boulder beetle
 12335 | Lair:2   | Killed a five-headed hydra
 12755 | Lair:3   | Reached XP level 13. HP: 99/99 MP: 19/19
 12888 | Lair:3   | Found a staircase to the Snake Pit.
 13052 | Lair:3   | Identified the +4 whip "Fiheize" {freeze, rPois rC++ Str+2}
 13206 | Lair:3   | Found a shadowy altar of Dithmenos.
 13293 | Lair:3   | Reached skill level 13 in Axes
 13807 | Lair:4   | Noticed Rupert
 13816 | Lair:4   | Paralysed by Rupert for 3 turns
 14032 | Lair:4   | Paralysed by Rupert for 3 turns
 14319 | Lair:4   | Reached skill level 5 in Spellcasting
 14327 | Lair:4   | Slain by a death yak

Illustrated notes

Levels and vault maps discovered:
D:1:      dpeg_arrival_round_a, layout_rooms,
          shapermc_ecumenical_altar_mp_urbaneastern, minmay_misc_feat_enclosed
D:2:      layout_loops_ring, serial_bayou_crossing
D:3:      layout_basic, serial_shops, nicolae_shop_just_a_little_nook,
          uniq_ijyb, uniq_sigmund
D:4:      layout_rooms, mainiacjoe_overflow_boulevard, kennysheep_little_box
D:5:      layout_cave_pools, mainiacjoe_overflow_brackets, serial_shops, shop
D:6:      layout_gridville, minmay_temple_entry_hall,
          kennysheep_opposing_triangles
D:7:      minmay_clustersquares, layout_gridville,
          mainiacjoe_overflow_divided_tiny, corexii_hall_statues_s,
          uniq_menkaure
D:8:      layout_cave_pods, david_defended_altar_orc
D:9:      layout_layer_cave, serial_bayou_pond_e
D:10:     layout_rooms, minmay_lair_entry_grove, lightli_orcish_oven,
          uniq_josephine
Temple:   bh_familiar_temple
Lair:1:   layout_hall_layers, lemuel_fruit_fields, uniq_nergalle
Lair:2:   layout_regular_city, nicolae_swamp_entry_spooky, st_stairs_11,
          grunt_megastairs_2
Lair:3:   layout_hall_layers, nicolae_snake_entry_squirm, basic_altar,
          serial_bayou_lagoon_a, chequers_serial_rivers_micro_b,
          pdpol_lair_neglected_garden, lemuel_fruit_tree
Lair:4:   layout_cave_pods, uniq_rupert

Skill      XL: |  1  2  3  4  5  6  7  8  9 10 11 12 13 |
---------------+----------------------------------------+-----
Shields        | 3 4 5 6 7 |  7.3
Axes           | 2 3 4 5 7 9 10 11 12 13 | 13.3
Armour         | 3 4 5 6 7 8 9 |  9.4
Dodging        | 1 2 3 4 5 6 |  6.2
Fighting       | 4 5 7 8 9 |  9.1
Evocations     | 1 2 |  2.7
Spellcasting   | 1 2 4 5 |  5.0
Conjurations   | 2 3 4 |  4.4
Air Magic      | 2 4 |  4.4
Throwing       | |  0.6
Stealth        | |  0.8

Action                     |  1- 3 |  4- 6 |  7- 9 | 10-12 | 13-15 || total
---------------------------+-------+-------+-------+-------+-------++-------
  Melee: War axe           |   128 |   135 |   317 |   451 |   146 ||  1177
         Headbutt          |    10 |    18 |    52 |   127 |    33 ||   240
  Throw: Boomerang         |       |       |       |    23 |     3 ||    26
   Cast: Static Discharge  |       |       |       |     2 |     8 ||    10
  Evoke: Wand              |       |     4 |    21 |    29 |     9 ||    63
         Lightning rod     |       |       |       |     2 |     2 ||     4
    Use: Scroll            |       |     6 |     5 |    12 |     2 ||    25
         Potion            |       |       |     3 |       |       ||     3
 Armour: Scale mail        |    45 |       |       |       |       ||    45
         Chain mail        |    19 |    85 |   230 |   427 |   167 ||   928
         Robe              |     9 |       |       |       |       ||     9
  Dodge: Dodged            |    95 |    84 |   206 |   437 |   168 ||   990
  Block: Buckler           |    46 |    36 |    74 |   165 |    37 ||   358

Table legend: (Time is in decaauts)
 A = Elapsed time spent in this place.
 B = Non-inter-level travel time spent in this place.
 C = Inter-level travel time spent in this place.
 D = Time resting spent in this place.
 E = Time spent auto-exploring this place.
 F = Levels seen in this place.
 G = Mean time per level.
                   A        B        C        D        E       F      G
               +--------+--------+--------+--------+--------+-----+--------+
         Total |  14531 |  13710 |    821 |      0 |  10546 |  15 |  968.7 |
       Dungeon |  10145 |   9497 |    648 |      0 |   7345 |  10 | 1014.5 |
        Temple |     19 |      1 |     18 |      0 |      0 |   1 |   19.0 |
          Lair |   4366 |   4212 |    154 |      0 |   3200 |   4 | 1091.5 |
               +--------+--------+--------+--------+--------+-----+--------+

Top non-repeatable levels by time:
     D:9: 1796 daAuts
     D:7: 1790 daAuts
  Lair:1: 1405 daAuts
  Lair:3: 1263 daAuts
  Lair:2: 1233 daAuts
     D:3: 1062 daAuts
    D:10: 1016 daAuts
     D:8: 1008 daAuts
     D:4: 812 daAuts
     D:2: 779 daAuts
     D:6: 765 daAuts
     D:1: 592 daAuts
     D:5: 520 daAuts
  Lair:4: 465 daAuts
  Temple: 19 daAuts
